Map: Abandoned Parish

Players

PLANETES

  • Race: Terran Terran
  • Spawn Location: 12:00

CaptainDark

  • Race: Zerg Zerg
  • Spawn Location: 12:00

FuzzSlasher

  • Race: Protoss Protoss
  • Spawn Location: 3:00

Catiline

  • Race: Terran Terran
  • Spawn Location: 9:00

Ziggy - Winner!

  • Race: Zerg Zerg
  • Spawn Location: 6:00

cesar - Winner!

  • Race: Zerg Zerg
  • Spawn Location: 6:00

Grumm - Winner!

  • Race: Protoss Protoss
  • League: Gold
  • Spawn Location: 3:00

Drezzire - Winner!

  • Race: Terran Terran
  • Spawn Location: 7:00

VOD

Have the link to the VOD?

Description

Time

  • Played on: Jan. 31, 2016, 11:53 p.m.
  • Length: 20:04
Show
View Real Time Build Order
Export as new Build Order

PLANETES Terran 

Build Orders: Mech 

Get SALT Encoding   

  12  0:03  SCV  
  13  0:15  SCV  
  13  0:18  Supply Depot  
  14  0:28  SCV  
  15  0:30  Refinery  
  15  0:40  SCV  
  16  0:48  Barracks  
  16  0:52  SCV  
  17  1:04  SCV  
  17  1:06  Supply Depot  
  18  1:16  SCV  
  19  1:28  SCV  
  20  1:42  Orbital Command  
  20  1:58  Command Center  
  20  1:59  Refinery  
  20  2:11  Factory  
  20  2:15  SCV  
  21  2:28  SCV  
  22  2:35  Engineering Bay  
  22  2:40  SCV  
  23  2:47  Factory  
  23  2:52  SCV  
  23  2:55  Factory Tech Lab  
  24  3:04  SCV  
  25  3:10  Orbital Command  
  25  3:16  SCV  
  26  3:20  Siege Tank  
  29  3:28  SCV  
  29  3:32  Factory Tech Lab  
  30  3:36  SCV  
  30  3:39  Refinery  
  30  3:40  SCV  
  30  3:41  Barracks Tech Lab, Refinery  
  32  3:52  Cyclone, SCV  
  32  3:53  SCV  
  37  4:04  SCV  
  37  4:05  SCV  
  37  4:07  Siege Tank  
  42  4:14  Supply Depot  
  42  4:16  SCV  
  44  4:17  SCV  
  44  4:28  Starport  
  44  4:33  Supply Depot  
  44  4:35  Cyclone, SCV  
  44  4:36  SCV  
  49  4:49  SCV  
  49  4:50  SCV  
  51  4:56  Supply Depot  
  51  4:57  Mag-Field Accelerator  
  51  5:04  SCV x2  
  53  5:13  Starport Reactor  
  53  5:16  Starport Tech Lab, SCV x2  
  55  5:29  SCV x2  
  57  5:36  Supply Depot  
  57  5:38  Supply Depot, Armory  
  57  5:41  SCV  
  57  5:42  Command Center, SCV  
  59  5:43  Armory  
  59  5:45  Supply Depot, Raven  
  59  5:48  Cyclone, Siege Tank  
  67  6:04  SCV x2  
  69  6:20  Cyclone, Siege Tank  
  69  6:22  Supply Depot  
  69  6:25  Supply Depot  
  75  6:27  Factory  
  75  6:33  Supply Depot, Terran Vehicle Weapons Level 1  
  75  6:58  Cyclone x2  
  81  7:09  Starport  
  81  7:11  Supply Depot  
  81  7:12  Supply Depot x2  
  81  7:13  Supply Depot x2  
  81  7:16  Supply Depot  
  81  7:28  Missile Turret  
  81  7:44  Missile Turret  
  81  7:45  Missile Turret x2  
  81  7:46  Missile Turret  
  81  7:47  Missile Turret  
  81  7:48  Missile Turret  
  81  7:51  Missile Turret  
  81  7:54  Missile Turret  
  81  7:57  Raven  
  83  7:59  Thor x2  
  95  8:13  Missile Turret  
  95  8:14  Missile Turret  
  89  8:50  Raven  
  89  8:51  Thor x2  
  103  9:20  Orbital Command  
  103  9:32  Supply Depot  
  103  9:33  Supply Depot  
  103  9:36  Supply Depot x3  
  103  9:37  Supply Depot  
  103  9:39  Supply Depot  
  103  9:50  Orbital Command  
  103  9:56  Supply Depot  
  103  9:57  Supply Depot  
  103  9:59  Supply Depot  
  103  10:01  Supply Depot x2  
  103  10:02  Supply Depot  
  103  10:03  Supply Depot  
  103  10:08  Terran Vehicle And Ship Armor Level 1, Terran Ship Weapons Level 1  
  103  10:11  Starport Reactor  
  103  10:13  Thor  
  103  10:14  Thor  
  115  10:21  Command Center  
  115  10:22  Command Center  
  115  10:29  Fusion Core  
  115  10:33  Starport  
  115  10:34  Starport  
  107  10:57  Siege Tank x2  
  107  11:08  Viking  
  107  11:09  Viking x2  
  115  11:14  Starport Tech Lab x2  
  113  11:23  Factory Tech Lab  
  113  11:28  Thor x2  
  125  11:35  Orbital Command x2  
  125  11:38  Viking x2  
  125  11:39  Viking  
  131  11:51  Missile Turret  
  131  11:52  Missile Turret  
  131  11:54  Missile Turret x2  
  131  11:55  Missile Turret  
  131  11:56  Missile Turret  
  131  11:57  Missile Turret  
  131  11:58  Missile Turret x2  
  131  11:59  Missile Turret  
  131  12:00  Missile Turret x3  
  131  12:01  Missile Turret  
  131  12:02  Missile Turret  
  131  12:04  Missile Turret  
  131  12:06  Missile Turret x2  
  131  12:07  Missile Turret  
  130  12:08  Viking  
  130  12:09  Missile Turret  
  130  12:11  Missile Turret  
  130  12:14  Missile Turret  
  78  12:23  Viking x2  
  78  12:24  Viking x2  
  78  12:38  Viking  
  78  12:53  Viking x2  
  78  12:54  Viking x2  
  80  12:59  Siege Tank x3  
  80  13:01  Terran Ship Weapons Level 2, Terran Vehicle And Ship Armor Level 2  
  80  13:03  Hyperflight Rotors  
  80  13:04  Corvid Reactor  
  83  13:08  Viking  
  85  13:23  Banshee x2, Viking  
  85  13:24  Viking  
  95  13:31  Siege Tank x3  
  94  13:50  Cloaking Field  
  94  13:51  Viking  
  94  13:53  Banshee  
  99  14:06  Banshee x2  
  75  15:58  Viking x5  
  61  16:28  Viking x5  
  61  16:30  Thor x3  
  55  17:13  Thor x3  
  73  17:46  Barracks  
  73  17:48  Barracks  
  73  17:49  Barracks x2  
  73  17:50  Barracks x2  
  73  17:56  Thor x2  
  26  18:43  Marine  
  26  18:44  Marine x5  
  24  19:01  Marine x2  
  24  19:02  Marine x4  
  19  19:19  Marine x3  
  19  19:20  Marine x3  
  22  19:37  Marine x5  
  22  19:38  Marine  
Show
View Real Time Build Order
Export as new Build Order

CaptainDark Zerg 

Build Orders: Pool First 

Get SALT Encoding   

  13  0:07  Drone  
  13  0:08  Drone  
  14  0:29  Overlord  
  14  0:38  Spawning Pool  
  14  0:39  Drone  
  14  0:57  Drone x3  
  17  1:22  Hatchery  
  17  1:25  Queen  
  18  1:30  Drone  
  19  1:35  Drone  
  19  1:36  Drone  
  21  1:44  Overlord  
  21  1:53  Extractor  
  20  1:55  Drone  
  20  1:56  Extractor  
  20  2:05  Zergling x2  
  21  2:14  Drone  
  22  2:24  Overlord  
  22  2:34  Queen  
  22  2:36  Drone  
  25  2:45  Drone, Zergling x4  
  25  2:49  Lair  
  28  2:52  Drone  
  28  2:56  Drone  
  30  3:00  Drone  
  30  3:05  Metabolic Boost  
  31  3:07  Drone  
  32  3:17  Drone  
  32  3:18  Drone  
  34  3:21  Extractor  
  33  3:27  Extractor  
  33  3:33  Zergling x6  
  35  3:35  Drone  
  36  4:27  Drone x2, Spire  
  37  4:31  Drone x3  
  37  4:33  Drone x3, Zergling x2  
  44  4:45  Overlord  
  44  4:46  Overlord  
  44  4:49  Overseer x2  
  44  4:56  Overseer  
  44  4:59  Overseer  
  44  5:02  Overlord x2  
  44  5:33  Zergling x4  
  44  5:34  Zergling x2  
  47  5:36  Zergling x6  
  47  5:37  Zergling x4  
  52  5:47  Mutalisk  
  54  5:55  Mutalisk  
  56  5:58  Mutalisk x2  
  60  6:06  Mutalisk x2  
  60  6:07  Mutalisk  
  60  6:09  Zerg Flyer Weapons Level 1  
  59  6:45  Mutalisk x5  
  65  6:51  Zergling x8  
  69  7:06  Mutalisk x2  
  73  7:23  Mutalisk  
  73  7:25  Overlord x3  
  71  8:06  Mutalisk x5  
  59  9:00  Mutalisk x3  
  60  9:13  Mutalisk  
  62  9:19  Mutalisk x4  
  62  9:20  Mutalisk x2  
  74  9:29  Zerg Flyer Weapons Level 2  
  74  9:51  Hatchery  
  72  10:11  Mutalisk x5  
  72  10:12  Mutalisk  
  84  10:18  Hatchery  
  75  10:51  Mutalisk x6  
  87  11:03  Drone, Queen  
  90  11:32  Spine Crawler  
  89  11:34  Spine Crawler x2  
  89  11:35  Mutalisk  
  89  11:36  Spine Crawler x2, Mutalisk x4  
  95  11:42  Mutalisk x2  
  95  11:46  Zerg Flyer Armor Level 1  
  99  11:49  Drone  
  99  11:50  Drone x2  
  102  11:54  Overseer x3  
  82  13:24  Mutalisk x6  
  54  14:41  Mutalisk x5  
  54  14:42  Mutalisk x3  
  70  14:46  Zerg Flyer Armor Level 2  
  70  14:49  Mutalisk x5  
  80  15:17  Mutalisk x3  
  63  16:34  Spore Crawler x3  
  63  16:35  Spore Crawler x4  
  63  16:38  Spore Crawler  
  22  16:51  Mutalisk  
  22  16:53  Zergling x14  
  22  16:54  Zergling x8  
  19  17:49  Drone x3  
  19  17:50  Drone x3  
  19  17:51  Drone x3  
  28  18:05  Zergling x8  
  29  18:46  Mutalisk x2  
  30  18:53  Zergling x8  
  32  18:59  Zergling x10  
  35  19:15  Zergling x6  
Show
View Real Time Build Order
Export as new Build Order

FuzzSlasher Protoss 

Build Orders:  

Get SALT Encoding   

  12  0:03  Probe (Chrono Boost)  
  13  0:14  Probe (Chrono Boost)  
  14  0:26  Pylon  
  14  0:29  Probe (Chrono Boost)  
  15  0:44  Probe (Chrono Boost)  
  16  0:52  Assimilator  
  16  0:55  Probe (Chrono Boost)  
  17  0:59  Assimilator  
  17  1:02  Pylon  
  17  1:07  Gateway  
  17  1:08  Probe (Chrono Boost)  
  18  1:18  Probe (Chrono Boost)  
  19  1:29  Probe (Chrono Boost)  
  21  1:40  Probe (Chrono Boost)  
  21  1:50  Probe (Chrono Boost)  
  22  1:59  Cybernetics Core  
  22  2:01  Probe (Chrono Boost)  
  23  2:11  Probe (Chrono Boost)  
  24  2:22  Pylon  
  24  2:28  Nexus  
  24  2:36  Warp Gate (Chrono Boost)  
  24  2:40  Forge  
  24  2:52  Gateway  
  24  2:53  Gateway  
  24  3:02  Gateway  
  24  3:17  Pylon  
  25  3:20  Probe  
  25  3:24  Photon Cannon  
  25  3:32  Probe  
  26  3:44  Probe  
  17  3:56  Probe  
  18  4:05  Photon Cannon  
  18  4:08  Probe, Photon Cannon  
  19  4:15  Pylon  
  19  4:28  Probe  
  20  4:34  Probe  
  21  4:46  Probe  
  22  4:58  Probe  
  23  5:10  Probe  
  24  5:22  Pylon, Probe  
  24  5:23  Pylon  
  24  5:28  Stargate  
  25  5:33  Stargate x2  
  21  5:57  Photon Cannon  
  21  6:02  Pylon  
  21  6:12  Assimilator x2  
  21  6:25  Probe  
  21  6:27  Probe  
  23  6:36  Probe  
  23  6:39  Probe  
  25  6:47  Void Ray, Probe  
  25  6:51  Probe  
  30  7:03  Probe  
Show
View Real Time Build Order
Export as new Build Order

Catiline Terran 

Build Orders: Command Center First (CC) 

Get SALT Encoding   

  12  0:02  SCV  
  13  0:14  SCV  
  14  0:26  Supply Depot  
  14  0:30  SCV  
  15  0:48  SCV  
  16  1:08  Command Center  
  16  1:14  Barracks  
  16  1:15  SCV  
  17  1:25  Refinery  
  17  1:27  SCV  
  17  1:29  Refinery  
  18  1:39  SCV  
  19  1:52  SCV  
  20  2:03  Supply Depot  
  20  2:04  Marine, SCV  
  22  2:16  SCV  
  22  2:21  Orbital Command, Refinery  
  23  2:28  SCV  
  24  2:31  Marine  
  25  2:43  Orbital Command, Refinery  
  25  2:49  Marine  
  25  2:50  SCV  
  27  3:02  SCV  
  28  3:07  Marine  
  28  3:09  SCV  
  30  3:15  SCV  
  31  3:25  Marine  
  31  3:27  SCV  
  33  3:30  SCV  
  34  3:39  SCV  
  35  3:42  SCV  
  36  3:51  SCV  
  36  3:54  SCV  
  31  4:03  SCV  
  31  4:06  SCV  
  32  4:12  Marine  
  32  4:15  SCV  
  34  4:18  SCV  
  34  4:20  Refinery  
  35  4:27  SCV  
  35  4:29  Marine  
  35  4:30  SCV  
  38  4:39  SCV  
  38  4:42  SCV  
  38  4:43  Factory  
  40  4:47  Marine  
  40  4:51  SCV  
  42  4:54  SCV  
  43  5:03  SCV  
  43  5:05  Supply Depot, Marine  
  43  5:06  Supply Depot, SCV  
  45  5:15  SCV  
  45  5:19  SCV  
  45  5:30  Supply Depot  
  45  5:31  Supply Depot, SCV x2  
  47  5:37  Marine  
  48  5:43  SCV x2  
  48  5:49  Starport  
  50  5:54  Supply Depot  
  50  5:55  Starport, Marine, SCV x2  
  50  5:56  Supply Depot  
  53  6:07  SCV  
  54  6:12  Marine  
  55  6:18  Supply Depot  
  55  6:19  SCV  
  56  6:30  Marine  
  57  6:48  Marine  
  47  10:27  Engineering Bay  
Show
View Real Time Build Order
Export as new Build Order

Ziggy Zerg - Winner!

Build Orders: Pool First 

Get SALT Encoding   

  12  0:34  Spawning Pool  
  11  0:55  Hatchery  
  10  1:14  Overlord  
  10  1:22  Drone x2  
  12  1:34  Zergling x2  
  12  1:35  Queen  
  15  1:45  Drone  
  16  1:49  Zergling x2  
  17  1:58  Extractor  
  16  2:02  Zergling x2  
  17  2:10  Extractor  
  17  2:11  Zergling x4  
  18  2:20  Zergling x2  
  19  2:27  Drone  
  20  2:47  Drone x2  
  20  2:48  Drone x2  
  20  2:49  Drone  
  25  3:00  Zergling x2  
  26  3:14  Queen  
  28  3:23  Metabolic Boost  
  28  3:38  Overlord  
  28  4:29  Zergling x2  
  28  4:30  Zergling x12  
  35  4:33  Overlord  
  35  4:41  Extractor  
  35  4:43  Drone  
  35  4:44  Extractor  
  34  4:53  Evolution Chamber  
  33  5:25  Lair  
  33  5:30  Drone  
  34  5:43  Zerg Melee Weapons Level 1  
  34  5:52  Evolution Chamber  
  33  6:39  Zergling x6  
  37  6:40  Zergling x6, Overlord  
  37  6:42  Zergling x2  
  40  7:34  Zergling x6  
  40  7:35  Zergling x6, Overlord  
  40  7:36  Zergling x4  
  48  8:04  Zerg Melee Weapons Level 2  
  48  8:09  Drone x2  
  50  8:30  Drone x2, Infestation Pit  
  48  8:34  Drone  
  34  9:06  Zergling x4  
  34  9:07  Zergling x10  
  30  9:15  Drone x2  
  32  9:23  Drone  
  33  9:37  Zergling x2  
  33  9:38  Drone x2  
  37  9:45  Drone x2  
  31  10:31  Drone x5  
  31  10:32  Drone  
  37  10:40  Hive  
  37  11:19  Drone  
  37  11:20  Drone x5  
  37  11:21  Drone x2  
  37  11:22  Overlord  
  45  11:39  Hatchery  
  44  11:48  Hatchery  
  44  11:52  Zerg Ground Armor Level 1  
  43  11:54  Zerg Melee Weapons Level 3  
  43  11:55  Hatchery  
  42  12:05  Hatchery  
  41  12:13  Zergling x2  
  41  12:14  Zergling x10  
  47  12:17  Adrenal Glands  
  47  12:25  Zergling x4  
  49  12:36  Hydralisk Den  
  48  12:41  Drone x4  
  52  12:59  Evolution Chamber, Burrow  
  52  13:05  Hydralisk x5  
  53  13:06  Hydralisk x2  
  53  13:09  Muscular Augments  
  65  13:23  Drone x3  
  65  13:24  Drone x3  
  71  13:31  Extractor  
  71  13:33  Extractor  
  69  13:37  Hydralisk x4  
  69  13:38  Hydralisk  
  79  13:51  Infestor x3  
  79  13:54  Drone  
  77  14:21  Hydralisk  
  77  14:22  Hydralisk x5  
  77  14:23  Hydralisk  
  91  14:25  Overlord x2  
  91  14:32  Drone  
  91  14:36  Overlord  
  91  14:38  Overlord  
  92  14:48  Zerg Missile Weapons Level 1  
  92  14:50  Zerg Ground Armor Level 2  
  92  14:55  Spore Crawler  
  92  14:59  Spore Crawler  
  90  15:02  Drone  
  91  15:10  Drone x4  
  91  15:13  Drone  
  91  15:14  Drone x2  
  94  15:23  Hydralisk x5  
  94  15:25  Hydralisk x2  
  108  15:40  Hydralisk x4  
  108  15:41  Hydralisk  
  108  15:42  Hydralisk  
  118  15:55  Hydralisk  
  118  15:56  Hydralisk x2  
  124  15:59  Overlord  
  124  16:00  Overlord x2  
  116  16:12  Nydus Network  
  115  16:21  Hydralisk x5  
  115  16:22  Hydralisk  
  115  16:23  Hydralisk  
  129  16:27  Overseer  
  129  16:33  Hydralisk x3  
  135  16:43  Zerg Missile Weapons Level 2  
  135  16:56  Spore Crawler  
  135  16:57  Hydralisk  
  135  16:58  Hydralisk x3  
  135  17:00  Spore Crawler  
  141  17:05  Nydus Canal  
  141  17:16  Hydralisk x3  
  141  17:18  Overlord x2  
  147  17:36  Hydralisk  
  149  17:52  Overlord x2  
  149  17:54  Hydralisk  
  149  17:55  Hydralisk x2  
  149  17:56  Hydralisk x3  
  149  17:57  Hydralisk  
  163  18:24  Hydralisk x3  
  163  18:25  Hydralisk x4  
  163  18:26  Hydralisk  
  179  18:46  Nydus Canal  
  179  18:55  Overlord x2  
  179  18:56  Overlord x3  
  179  18:57  Overlord x2  
  179  19:14  Hydralisk x2  
  179  19:15  Hydralisk x2  
  179  19:16  Nydus Canal  
  185  19:31  Nydus Canal  
Show
View Real Time Build Order
Export as new Build Order

cesar Zerg - Winner!

Build Orders: Hatch First 

Get SALT Encoding   

  12  0:34  Hatchery  
  11  0:37  Drone  
  11  0:38  Drone  
  11  0:42  Drone  
  14  0:52  Overlord  
  14  1:16  Spawning Pool  
  14  1:17  Extractor  
  12  1:19  Extractor  
  11  1:25  Drone  
  11  1:26  Drone  
  11  1:27  Drone  
  14  1:55  Drone x2  
  14  2:00  Drone  
  17  2:05  Lair  
  17  2:19  Queen  
  19  2:26  Drone  
  19  2:29  Drone  
  21  2:33  Drone  
  22  2:39  Drone  
  23  2:45  Extractor  
  23  2:49  Drone  
  23  3:14  Queen  
  23  3:16  Drone  
  23  3:17  Drone  
  27  3:23  Overseer  
  27  3:31  Drone  
  28  3:38  Overseer  
  28  4:08  Infestation Pit  
  27  4:10  Spire  
  27  4:16  Spire  
  25  4:28  Drone  
  25  4:29  Drone x2  
  28  4:41  Extractor  
  27  4:46  Drone  
  27  4:49  Overlord  
  27  4:50  Overlord  
  28  4:56  Hive  
  28  5:19  Overseer  
  28  5:20  Overseer  
  28  5:37  Drone  
  28  5:38  Drone x6  
  28  5:39  Drone x4  
  39  6:05  Hatchery, Extractor  
  37  6:14  Drone  
  37  6:15  Drone x3  
  37  6:18  Greater Spire  
  41  6:27  Drone  
  41  6:28  Drone x2  
  44  6:44  Extractor  
  44  6:45  Pneumatized Carapace  
  43  6:49  Zerg Flyer Armor Level 1  
  43  6:57  Drone  
  43  6:59  Overlord  
  43  7:00  Overlord  
  44  7:23  Overseer x2  
  44  7:43  Hatchery  
  43  7:45  Zerg Flyer Weapons Level 1  
  43  7:46  Hatchery  
  43  7:47  Queen  
  44  7:57  Queen  
  44  7:58  Drone x3  
  49  8:06  Corruptor x4  
  57  8:22  Queen  
  57  8:24  Drone  
  57  8:25  Drone x6  
  66  8:52  Overlord x3  
  66  9:05  Drone  
  67  9:30  Overlord x2  
  67  9:31  Overlord  
  67  9:33  Overlord x3  
  67  9:39  Swarm Host  
  67  9:40  Corruptor x5  
  67  9:44  Zerg Flyer Weapons Level 2  
  80  9:53  Overseer x2  
  80  9:54  Overseer  
  80  10:02  Overseer  
  80  10:03  Overseer x2  
  80  10:09  Corruptor x2  
  80  10:10  Corruptor  
  86  11:04  Queen  
  88  11:16  Corruptor x3  
  94  11:28  Brood Lord x2  
  94  11:29  Brood Lord x7  
  112  11:52  Corruptor x3  
  112  11:53  Corruptor x3  
  124  12:00  Zerg Flyer Armor Level 2  
  120  12:19  Corruptor x2  
  120  12:20  Corruptor x4  
  78  13:46  Corruptor x3  
  76  14:09  Corruptor x3  
  78  14:16  Zerg Flyer Weapons Level 3  
  82  14:37  Zergling x2  
  83  14:40  Corruptor x12  
  83  14:41  Corruptor x5  
  117  15:41  Brood Lord x2  
  117  15:42  Brood Lord  
  115  16:22  Corruptor  
  115  16:23  Corruptor x2  
  121  16:29  Corruptor  
  121  16:30  Overlord, Corruptor x2  
  111  17:56  Corruptor  
  111  17:57  Corruptor x2  
  117  18:04  Corruptor  
  119  18:06  Corruptor  
  119  18:07  Corruptor x3  
  123  18:13  Overlord  
  123  18:14  Overlord x4  
Show
View Real Time Build Order
Export as new Build Order

Grumm Protoss - Winner!

Build Orders: Oracle Opening 

Get SALT Encoding   

  12  0:02  Probe (Chrono Boost)  
  13  0:12  Probe (Chrono Boost)  
  14  0:23  Pylon  
  14  0:26  Probe (Chrono Boost)  
  15  0:29  Assimilator  
  15  0:41  Probe (Chrono Boost)  
  16  0:48  Gateway  
  16  0:52  Probe (Chrono Boost)  
  16  0:55  Assimilator  
  17  1:02  Probe (Chrono Boost)  
  18  1:13  Probe (Chrono Boost)  
  19  1:23  Probe (Chrono Boost)  
  20  1:33  Pylon  
  20  1:34  Probe (Chrono Boost)  
  20  1:36  Cybernetics Core  
  21  1:40  Zealot (Chrono Boost)  
  23  1:51  Probe  
  24  2:03  Probe  
  25  2:12  Stargate  
  25  2:14  Stargate  
  25  2:21  Protoss Air Weapons Level 1 (Chrono Boost)  
  25  2:34  Pylon  
  25  2:39  Forge  
  25  2:55  Oracle  
  28  3:13  Photon Cannon  
  28  3:23  Nexus  
  28  3:30  Pylon  
  28  3:49  Void Ray  
  32  4:07  Probe  
  33  4:16  Void Ray  
  37  4:19  Probe  
  38  4:26  Warp Gate (Chrono Boost)  
  39  4:31  Probe  
  39  4:35  Photon Cannon  
  39  4:37  Probe  
  39  4:43  Probe  
  41  4:48  Probe  
  42  4:55  Assimilator, Probe  
  42  4:58  Probe  
  43  5:02  Assimilator  
  44  5:07  Probe  
  44  5:09  Probe  
  46  5:18  Void Ray  
  46  5:19  Probe x2  
  52  5:30  Probe  
  52  5:31  Probe  
  54  5:37  Pylon  
  54  5:40  Probe  
  55  5:44  Probe  
  56  5:51  Probe  
  56  5:56  Probe  
  55  6:01  Void Ray x2, Probe  
  64  6:05  Protoss Shields Level 1  
  64  6:08  Probe  
  65  6:11  Protoss Air Armor Level 1 (Chrono Boost)  
  65  6:12  Probe  
  66  6:25  Fleet Beacon  
  66  6:28  Pylon  
  66  6:44  Void Ray  
  70  6:47  Void Ray  
  74  7:46  Tempest (Chrono Boost)  
  78  7:51  Tempest (Chrono Boost)  
  62  8:18  Photon Cannon  
  61  8:24  Mothership Core  
  53  8:42  Void Ray (Chrono Boost)  
  53  8:43  Void Ray (Chrono Boost)  
  66  9:06  Protoss Air Weapons Level 2  
  66  9:12  Twilight Council  
  66  9:16  Pylon, Gateway  
  66  9:17  Gateway  
  66  9:20  Gateway x2  
  66  9:22  Pylon  
  66  9:26  Gateway, Photon Cannon  
  66  9:28  Nexus  
  66  9:33  Phoenix (Chrono Boost)  
  66  9:34  Phoenix (Chrono Boost)  
  70  9:55  Void Ray (Chrono Boost), Assimilator  
  74  10:00  Assimilator  
  74  10:02  Photon Cannon  
  74  10:03  Photon Cannon  
  74  10:06  Photon Cannon  
  74  10:08  Charge  
  74  10:10  Pylon  
  74  10:29  Pylon  
  74  10:36  Photon Cannon  
  74  10:48  Zealot  
  74  10:49  Zealot x4  
  74  11:15  Void Ray x2 (Chrono Boost)  
  74  11:17  Zealot x3  
  74  11:18  Zealot x2  
  90  11:22  Probe  
  90  11:24  Probe x2  
  95  11:52  Tempest x2 (Chrono Boost)  
  103  11:55  Protoss Air Weapons Level 3  
  75  12:31  Stalker x3  
  75  12:32  Stalker x3  
  71  12:57  Stalker x3  
  71  12:58  Stalker x3  
  59  13:07  Phoenix x2 (Chrono Boost)  
  43  13:49  Phoenix x2 (Chrono Boost)  
  43  13:52  Stalker  
  43  13:53  Stalker x5  
  52  14:17  Nexus  
  53  14:53  Void Ray (Chrono Boost)  
  53  14:54  Nexus  
  53  15:00  Pylon  
  53  15:26  Void Ray (Chrono Boost)  
  57  15:35  Photon Cannon  
  57  15:53  Assimilator  
  57  15:57  Probe  
  57  15:58  Probe  
  59  16:10  Probe  
  60  16:13  Tempest (Chrono Boost)  
  64  16:27  Phoenix (Chrono Boost)  
  66  16:49  Phoenix (Chrono Boost)  
  62  17:17  Stalker x3  
  62  17:18  Stalker x3  
  70  17:55  Tempest x2 (Chrono Boost)  
  56  18:35  Zealot x6  
  66  18:56  Tempest x2 (Chrono Boost)  
  66  18:58  Zealot x5  
  66  18:59  Zealot  
Show
View Real Time Build Order
Export as new Build Order

Drezzire Terran - Winner!

Build Orders:  

Get SALT Encoding   

  12  0:09  SCV  
  13  0:21  SCV  
  14  0:33  Supply Depot, SCV  
  15  0:41  Supply Depot  
  15  0:55  SCV  
  16  1:07  SCV  
  16  1:08  Barracks  
  17  1:13  Barracks  
  17  1:19  SCV  
  18  1:28  Barracks  
  18  1:31  SCV  
  19  1:35  Barracks  
  19  1:43  SCV  
  20  1:55  SCV  
  21  2:08  SCV  
  22  2:18  Marine  
  22  2:19  Marine x2  
  22  2:20  SCV  
  26  2:26  Supply Depot  
  26  2:30  Refinery  
  26  2:35  Refinery  
  26  2:36  Marine  
  27  2:37  Orbital Command  
  27  2:40  Marine x2  
  27  2:41  Marine  
  30  3:03  Command Center  
  30  3:11  Engineering Bay  
  30  3:21  Marine x4  
  34  3:34  Supply Depot  
  34  3:43  Marine x3  
  34  3:44  Marine  
  34  4:08  Reaper x4  
  35  4:43  Missile Turret  
  35  4:52  Missile Turret  
  35  4:56  Factory  
  35  4:57  Barracks Reactor x2  
  35  4:58  Barracks Tech Lab, Barracks Reactor  
  35  5:05  Missile Turret  
  34  5:33  Marauder  
  36  5:37  Marine x3  
  36  5:38  Marine x3  
  36  5:41  Planetary Fortress  
  42  5:51  Missile Turret  
  42  5:58  Factory Tech Lab  
  42  6:05  Factory  
  42  6:12  Starport  
  42  6:17  Command Center  
  42  6:18  Marine x4  
  43  6:21  Marine  
  47  6:28  SCV x2  
  45  6:51  Reaper x3  
  45  6:52  Reaper x2  
  45  6:53  Reaper  
  51  6:56  Marine  
  51  7:00  SCV  
  51  7:01  SCV  
  54  7:11  Starport Reactor  
  54  7:13  SCV x2  
  54  7:14  Marine  
  57  7:19  Factory Tech Lab  
  57  7:23  Marine x4  
  57  7:26  Siege Tank  
  64  7:55  Barracks  
  64  7:56  Barracks  
  64  7:59  Barracks  
  64  8:02  SCV  
  64  8:03  SCV  
  64  8:14  SCV  
  64  8:15  SCV  
  64  8:26  SCV  
  52  8:50  Siege Tank  
  52  8:51  Siege Tank  
  52  8:52  Medivac  
  52  8:54  Marine x3  
  52  8:55  Marine x4  
  67  9:06  Refinery  
  67  9:09  Refinery  
  67  9:12  Marine  
  67  9:14  Refinery  
  67  9:16  Refinery  
  68  9:20  Planetary Fortress  
  68  9:23  Siege Tank  
  71  9:26  Marine x6  
  71  9:27  Marine x3  
  80  9:37  Medivac  
  82  9:46  Supply Depot x2  
  82  9:48  Supply Depot  
  82  9:49  Supply Depot  
  82  10:02  Missile Turret  
  82  10:04  Missile Turret  
  82  10:06  Missile Turret  
  82  10:08  Missile Turret  
  82  10:20  SCV  
  83  10:24  SCV  
  83  10:27  Medivac x2  
  88  10:32  SCV  
  84  10:37  SCV  
  80  10:44  SCV  
  80  10:49  SCV  
  81  10:57  Medivac x2  
  81  11:01  SCV  
  84  11:04  Barracks Tech Lab x2  
  84  11:05  Barracks Reactor  
  84  11:07  Marauder, Marine x4  
  84  11:08  Marine x2  
  92  11:13  SCV  
  93  11:21  Starport  
  93  11:24  Starport  
  93  11:25  Marine x4  
  95  11:28  Marauder  
  99  11:35  Command Center  
  99  11:37  Command Center  
  65  12:17  Marine x2  
  65  12:18  Marine x6  
  65  12:20  Marauder x3  
  79  12:31  Missile Turret  
  79  12:34  Missile Turret  
  79  12:35  Marine x3  
  79  12:36  Marine x5  
  79  12:37  Missile Turret  
  87  12:39  Missile Turret  
  87  12:41  Marine x3  
  87  12:43  Missile Turret  
  90  12:51  Orbital Command x2  
  90  13:00  Missile Turret  
  90  13:01  Missile Turret  
  90  13:07  Missile Turret  
  90  13:12  Missile Turret  
  90  13:14  Missile Turret  
  90  13:15  Missile Turret  
  90  13:18  Starport Reactor x2  
  90  13:23  Stimpack  
  90  13:25  Combat Shields  
  90  13:29  Missile Turret  
  90  13:46  Missile Turret  
  90  13:47  Missile Turret  
  90  13:49  Missile Turret  
  90  13:50  Missile Turret  
  90  14:02  Medivac x3  
  96  14:04  Viking  
  96  14:06  Viking  
  100  14:32  Medivac x2  
  101  14:53  Armory  
  101  14:55  Armory  
  99  15:09  Viking  
  99  15:10  Viking x3  
  99  15:11  Viking x2  
  108  15:34  Missile Turret x3  
  108  15:35  Missile Turret  
  108  15:40  Medivac x2  
  51  17:04  Thor x2  
  54  17:41  Orbital Command  
  54  17:47  Terran Vehicle And Ship Armor Level 1, Terran Vehicle Weapons Level 1, Thor x2  
  66  18:03  Liberator x3  
  66  18:04  Liberator x2  
  81  18:58  Missile Turret  
  81  18:59  Missile Turret  
  81  19:00  Missile Turret  
  81  19:01  Missile Turret  
  81  19:04  Missile Turret x3  
  81  19:18  Marine x11, Thor x2  
Tags
 
Add a new tag
Caveats
  • Supply blocks, unpowered buildings, or Contaminate may cause inaccurate times.
  • Supply counts are checked every 10 seconds.